 Dungeon Crawl Stone Soup version 0.27-a0-1590-g15f69828bf (webtiles) character file.

Game seed: 9667932734959670011

680 Spaninq the Ruffian (level 7, -3/70 HPs)
             Began as a Troll Warper on July 18, 2021.
             Was an Initiate of Ashenzari.
             Succumbed to a hornet's poison
             ... while paralysed by a hornet
             ... on level 4 of the Dungeon.
             The game lasted 00:08:53 (3316 turns).

Spaninq the Ruffian (Troll Warper)                  Turns: 3316, Time: 00:08:53

Health: -3/70      AC:  6    Str: 20    XL:     7   Next: 34%
Magic:  16/16      EV:  1    Int: 10    God:    Ashenzari [......]
Gold:   119        SH:  0    Dex: 10    Spells: 6/8 levels left

rFire    . . .     SeeInvis .     - Unarmed
rCold    . . .     Faith    .   (no shield)
rNeg     . . .     Spirit   .   a - +0 robe
rPois    .         Reflect  .   f - +2 hat
rElec    .         Harm     .   (no cloak)
rCorr    .         Rampage  .   (gloves unavailable)
Will     .....                  (boots unavailable)
Stlth    +.........             (no amulet)
HPRegen  1.21/turn              q - ring of magical power
MPRegen  0.15/turn              (no ring)

@: paralysed, lethally poisoned (-3 -> -13), slowed
A: large, unfitting armour, claws 3, regeneration 1, shaggy fur 1, tough skin 1
a: Renounce Religion


You were on level 4 of the Dungeon.
You worshipped Ashenzari.
Ashenzari was noncommittal.
You visited 2 branches of the dungeon, and saw 5 of its levels.
You also visited: Sewer.

You collected 119 gold pieces.

Inventory:

Missiles
 c - 5 boomerangs of dispersal (quivered)
Armour
 a - a +0 robe (worn)
 f - a +2 hat (worn)
Jewellery
 q - a ring of magical power (left claw)
Wands
 i - a wand of digging (9)
 p - a wand of polymorph (14)
Scrolls
 b - a scroll of blinking
 d - a scroll of magic mapping
 g - 2 scrolls of amnesia
 j - 3 scrolls of fear
 l - 2 scrolls of teleportation
 m - a scroll of silence
 n - a scroll of fog
 s - a scroll of enchant weapon
Potions
 e - 3 potions of brilliance
 h - 2 potions of curing
 k - a potion of mutation
 o - a potion of flight
 r - a potion of heal wounds


   Skills:
 + Level 4.1 Fighting
 - Level 0.8 Throwing
 - Level 1.9 Dodging
 * Level 6.9 Unarmed Combat
 - Level 1.2 Spellcasting
 - Level 2.1 Translocations


You had 6 spell levels left.
You knew the following spells:

 Your Spells              Type           Power      Damage    Failure   Level
a - Blink                 Tloc           N/A        N/A       21%         2

Your spell library contained the following spells:

 Spells                   Type           Power      Damage    Failure   Level
 Summon Small Mammal      Summ           0%         N/A       34%         1
 Gell's Gravitas          Tloc           2%         N/A       38%         3
 Lesser Beckoning         Tloc           2%         N/A       38%         3
 Teleport Other           Tloc           5%         N/A       38%         3
 Call Canine Familiar     Summ           0%         N/A       71%         3
 Summon Guardian Golem    Hex/Summ       0%         N/A       71%         3
 Manifold Assault         Tloc           5%         N/A       98%         5


Dungeon Overview and Level Annotations

Branches:
Dungeon (4/15)             Temple (1/1) D:4           Sewer (visited)

Altars:
Ashenzari
Cheibriados
Gozag
Hepliaklqana
Makhleb
Qazlal
Ru
Uskayaw
Vehumet
Xom
Yredelemnul
Zin
The Shining One


Innate Abilities, Weirdness & Mutations

You are too large for most types of armour.
You have claws for hands.
Your natural rate of healing is unusually fast.
You are covered in fur. (AC +1)
You have tough skin. (AC +1)


Message History

The ogre closely misses you.
You barely miss the ogre.
The ogre is severely wounded.
You claw the ogre!
You kill the ogre!
The hornet stings you!
You feel yourself slow down.
Your Fighting skill increases to level 4!
Aiming: Polymorph
Press: ? - help, Shift-Dir - straight line, f - hornet
Aim: a hornet (will become a queen bee, a rime drake, or an acid dragon, chance to affect: 37%)
Okay, then.
Okay, then.
You claw the hornet!
The hornet is heavily wounded.
You feel yourself speed up. The hornet stings you!
You feel yourself slow down. The hornet stings you!
You feel as though you will be slow longer.
You claw the hornet! Your claw misses the hornet.
The hornet is heavily wounded.
The hornet closely misses you. The hornet stings you.
You feel as though you will be slow longer.
You closely miss the hornet.
The hornet is heavily wounded.
The hornet barely misses you. The hornet stings you!
You feel as though you will be slow longer.
You scratch the hornet but do no damage.
The hornet is heavily wounded.
The hornet stings you.
You feel as though you will be slow longer.
The hornet closely misses you.
You scratch the hornet.
The hornet is severely wounded.
The hornet stings you!
* * * LOW HITPOINT WARNING * * *
You are poisoned.
You suddenly lose the ability to move!
The hornet stings you!
* * * LOW HITPOINT WARNING * * *
You are more poisoned.
You shrug off the repeated paralysis!
You die...

............<........#
###.#..........######
#.##.........#
#.##.........#
#.....########
###########.##
............#
###.###.##..########
##.###.#...Zy@....#
#........##'##....###
##....####..
####...###
#.##.?.###..#.S
#.(###...#
#.....##.#..#..
#..#.##..#
#####.').#..#!Z
#..#()'..#
#####(##.#..#Zy
#..#.##..#
.......###..#..
#..###...#
.#####...##)#
#'##.....#


You could see a hornet and an adder zombie.

Vanquished Creatures
  A black bear (D:4)
  2 ogres (D:4)
  2 bullfrogs (Sewer)
  2 hounds
  An iguana (D:4)
  8 adders
  2 river rats (D:3)
  An adder skeleton (D:4)
  2 worms (D:3)
  A dart slug (D:2)
  3 orcs
  7 ball pythons
  7 bats
  7 endoplasms
  3 giant cockroaches (Sewer)
  10 goblins
  9 hobgoblins
  7 jackals
  7 quokkas
  14 frilled lizards
  8 kobolds
  A quokka skeleton (D:4)
  8 rats
113 creatures vanquished.

Notes
Turn   | Place    | Note
-------+----------+-------------------------------------------
     0 | D:1      | Spaninq the Troll Warper began the quest for the Orb.
     0 | D:1      | Reached XP level 1. HP: 19/19 MP: 1/1
   447 | D:1      | Reached XP level 2. HP: 28/28 MP: 2/2
   450 | D:1      | Learned a level 2 spell: Blink
   763 | D:2      | Reached skill level 3 in Unarmed Combat
   782 | D:2      | Reached XP level 3. HP: 35/35 MP: 3/3
  1301 | D:2      | Found a faded altar of an unknown god.
  1342 | D:3      | Reached XP level 4. HP: 37/44 MP: 4/4
  1352 | D:3      | Reached skill level 4 in Unarmed Combat
  1468 | D:3      | Reached XP level 5. HP: 47/50 MP: 5/5
  1502 | D:3      | Found a glowing drain.
  1512 | Sewer    | Entered a sewer
  1810 | Sewer    | Reached skill level 5 in Unarmed Combat
  1836 | Sewer    | Reached XP level 6. HP: 52/61 MP: 6/6
  2516 | D:4      | Found a radiant altar of Vehumet.
  2539 | D:4      | Found a staircase to the Ecumenical Temple.
  2653 | D:4      | Reached skill level 6 in Unarmed Combat
  2674 | Temple   | Entered the Ecumenical Temple
  2913 | Temple   | Became a worshipper of Ashenzari the Shackled
  3030 | D:4      | Reached XP level 7. HP: 56/68 MP: 7/7
  3301 | D:4      | Noticed a hornet
  3315 | D:4      | Paralysed by a hornet for 2 turns
  3315 | D:4      | HP: 1/70 [hornet (11)]
  3316 | D:4      | Succumbed to a hornet's poison

Illustrated notes

Levels and vault maps discovered:
D:1:      dpeg_arrival_houses_and_road, layout_loops_ring
D:2:      kennysheep_the_goblin_king, layout_rooms,
          hellmonk_ecumenical_altar_prayer_group
D:3:      layout_rooms, nicolae_overflow_hidden_temple,
          lightli_sewer_entry_pipes
D:4:      layout_loops_corners, mainiacjoe_overflow_alcove_1,
          minmay_temple_entry_waves, minmay_divided_ellipse
Temple:   minmay_temple_bridge_abc

Skill      XL: |  1  2  3  4  5  6  7 |
---------------+----------------------+-----
Fighting       | 2 3 4 |  4.1
Unarmed Combat | 3 4 5 6 |  6.9
Throwing       | |  0.8
Dodging        | |  1.9
Spellcasting   | |  1.2
Translocations | |  2.1

Action                   |  1- 3 |  4- 6 |  7- 9 || total
-------------------------+-------+-------+-------++-------
Melee: Unarmed           |   129 |   166 |    28 ||   323
       Punch             |       |     2 |     3 ||     5
  Use: Scroll            |       |     3 |       ||     3
Armor: Robe              |    51 |    40 |     2 ||    93
Dodge: Dodged            |    62 |    74 |    13 ||   149

Table legend: (Time is in decaauts)
 A = Elapsed time spent in this place.
 B = Non-inter-level travel time spent in this place.
 C = Inter-level travel time spent in this place.
 D = Time resting spent in this place.
 E = Time spent auto-exploring this place.
 F = Levels seen in this place.
 G = Mean time per level.
                   A        B        C        D        E       F      G
               +--------+--------+--------+--------+--------+-----+--------+
         Total |   3422 |   3297 |    125 |      0 |   2219 |   6 |  570.3 |
       Dungeon |   2584 |   2480 |    104 |      0 |   1694 |   4 |  646.0 |
        Temple |    263 |    242 |     21 |      0 |    230 |   1 |  263.0 |
         Sewer |    574 |    574 |      0 |      0 |    295 |   1 |  574.0 |
               +--------+--------+--------+--------+--------+-----+--------+

Top non-repeatable levels by time:
     D:1: 684 daAuts
     D:4: 681 daAuts
     D:2: 639 daAuts
     D:3: 578 daAuts
   Sewer: 574 daAuts
  Temple: 263 daAuts
